 Dungeon Crawl Stone Soup version 0.26-a0-1147-g3780a7a11b (webtiles) character file.

Game seed: 10711167156835351153

220954 sahdkjhfkaj the Peltast (level 18, -4/231 HPs)
             Began as a Red Draconian Monk on Dec 22, 2020.
             Was the Champion of Wu Jian.
             Killed by the raging water
             ... invoked by a water nymph
              (38 damage)
             ... on level 4 of the Shoals.
             The game lasted 01:14:10 (48117 turns).

sahdkjhfkaj the Peltast (Red Draconian Monk)       Turns: 48117, Time: 01:14:11

Health: -4/231     AC: 24    Str: 22    XL:     18   Next: 49%
Magic:  25/32      EV:  9    Int: 15    God:    Wu Jian [******]
Gold:   2967       SH:  5    Dex: 17    Spells: 19/37 levels left

rFire    + + .     SeeInvis .     - Unarmed
rCold    x . .     Faith    .   (shield currently unavailable)
rNeg     . . .     Spirit   .   (armour unavailable)
rPois    +         Reflect  +   (helmet currently unavailable)
rElec    .         Harm     .   (cloak currently unavailable)
rCorr    .         Rampage  .   (gloves currently unavailable)
Will     ++...                  (boots currently unavailable)
Stlth    ++........             m - amulet of reflection
HPRegen  0.48/turn              r - ring of willpower
MPRegen  0.23/turn              I - +4 ring of protection

@: dragon-form, flying
A: giant, breathe fire, unfitting armour, weak 1, AC +10
}: 1/15 runes: serpentine
a: Breathe Fire, Stop Flying, End Transformation, Renounce Religion, Wall Jump,
Serpent's Lash, Heavenly Storm


You were on level 4 of the Shoals.
You worshipped Wu Jian.
Wu Jian was exalted by your worship.
You were a fearsome dragon!
You visited 7 branches of the dungeon, and saw 33 of its levels.
You also visited: Gauntlet and Volcano.

You collected 4193 gold pieces.
You spent 1226 gold pieces at shops.

Inventory:

Hand Weapons
 M - the +5 demon whip "Spellbinder" {antimagic, Will+}
   (You took it off a minotaur in a Gauntlet)

   It reduces the magical energy of the wielder, and disrupts the spells and
   magical abilities of those hit.
   Natural abilities and divine invocations are not affected.
   It affects your willpower, your defense against some magical effects.
Missiles
 y - 10 curare-tipped darts
Armour
 f - the +0 cloak "Deuzu" (melded) {rC+ Will+ SInv}
   (You found it in a Gauntlet)

   It protects you from cold.
   It affects your willpower, your defense against some magical effects.
   It lets you see invisible.
 j - a +0 pair of boots of rampaging (melded)
 K - a +0 hat of see invisible (melded)
 Z - a +5 kite shield of cold resistance (melded)
Jewellery
 m - an amulet of reflection (around neck)
 r - a ring of willpower (left foreclaw)
 D - a +4 ring of slaying
 I - a +4 ring of protection (right foreclaw)
 R - the ring "Ucwiuf" {rC+ Int+2}
   (You found it on level 12 of the Dungeon)

   [ring of protection from cold]

   It affects your intelligence (+2).
   It protects you from cold.
Wands
 g - a wand of random effects (51)
 s - a wand of disintegration (11)
 v - a wand of iceblast (35)
 z - a wand of paralysis (30)
 J - a wand of polymorph (26)
 N - a wand of digging (10)
 P - a wand of enslavement (17)
 U - a wand of flame (33)
Scrolls
 a - 11 scrolls of immolation
 c - a scroll of silence {!r}
 e - 7 scrolls of enchant armour
 h - 23 scrolls of remove curse
 k - 15 scrolls of teleportation {!r}
 q - 4 scrolls of vulnerability
 u - a scroll of identify
 E - 4 scrolls of magic mapping
 G - a scroll of enchant weapon
 O - 3 scrolls of summoning {!r}
 S - 2 scrolls of fog
 V - 2 scrolls of holy word
 W - 2 scrolls of amnesia
Potions
 b - 5 potions of might
 d - 5 potions of resistance
 i - 9 potions of curing
 l - 5 potions of berserk rage
 o - 3 potions of magic
 p - 3 potions of brilliance
 t - 5 potions of mutation
 w - 3 potions of attraction
 x - 7 potions of flight
 A - 5 potions of lignification
 B - 4 potions of haste
 C - 4 potions of cancellation
 H - 2 potions of invisibility
 Q - 2 potions of ambrosia
 T - 5 potions of heal wounds
Miscellaneous
 F - a condenser vane
 L - a phantom mirror
 Y - a lightning rod (4/4)


   Skills:
 - Level 12.1 Fighting
 + Level 7.2 Dodging
 - Level 1.7 Stealth
 - Level 15.0 Shields
 - Level 14.9 Unarmed Combat
 - Level 10.0 Spellcasting
 - Level 5.0 Conjurations
 + Level 14.9 Transmutations
 - Level 12.0 Earth Magic
 * Level 8.0 Evocations


You had 19 spell levels left.
You knew the following spells:

 Your Spells              Type           Power        Failure   Level
D - Dragon Form           Tmut           25%          19%         7
R - Irradiate             Conj/Tmut      18%          4%          5
S - Statue Form           Tmut/Erth      31%          6%          6

Your spell library contained the following spells:

 Spells                   Type           Power        Failure   Level
 Magic Dart               Conj           88%          1%          1
 Searing Ray              Conj           44%          1%          2
 Petrify                  Tmut/Erth      47%          1%          4
 Foxfire                  Conj/Fire      60%          3%          1
 Hydra Form               Tmut           25%          3%          6
 Leda's Liquefaction      Hex/Erth       12%          9%          4
 Animate Skeleton         Necr           14%          10%         1
 Corona                   Hex            7%           10%         1
 Pain                     Necr           28%          10%         1
 Dazzling Flash           Conj/Hex       30%          11%         3
 Yara's Violent Unravell  Hex/Tmut       14%          13%         5
 Slow                     Hex            7%           14%         2
 Confusing Touch          Hex            7%           28%         3
 Gell's Gravitas          Tloc           3%           28%         3
 Inner Flame              Hex/Fire       7%           28%         3
 Portal Projectile        Hex/Tloc       14%          28%         3
 Vampiric Draining        Necr           3%           28%         3
 Fulminant Prism          Conj/Hex       7%           34%         4
 Iskenderun's Mystic Bla  Conj/Tloc      15%          34%         4
 Animate Dead             Necr           3%           67%         4
 Cause Fear               Hex            3%           67%         4
 Agony                    Necr           7%           95%         5
 Metabolic Englaciation   Hex/Ice        3%           95%         5
 Dragon's Call            Summ           3%           100%        9


Dungeon Overview and Level Annotations

Branches:
Dungeon (15/15)            Temple (1/1) D:7            Lair (6/6) D:11
 Shoals (4/4) Lair:3        Snake (4/4) Lair:4        Slime (0/5) Lair:5
    Orc (2/2) D:9             Elf (0/3) Orc:2        Vaults (1/5) D:14
 Depths (0/5) D:15        Volcano (visited)         Gauntlet (visited)

Altars:
Ashenzari
Cheibriados
Dithmenos
Elyvilon
Fedhas
Gozag
Hepliaklqana
Kikubaaqudgha
Makhleb
Nemelex Xobeh
Okawaru
Qazlal
Ru
Sif Muna
Trog
Uskayaw
Vehumet
Wu Jian
Xom
Yredelemnul
Zin
The Shining One

Shops:
D:4 :   D:9 [   D:14 [   Orc:2 !=}?   Shoals:1 [

Annotations:
D:14 2 transporters, mojowtm's ghost, journeyman SpHu
Shoals:4 3 runed translucent doors, AtlasWard's ghost, adept KoDe


Innate Abilities, Weirdness & Mutations

You can breathe blasts of fire.
Your fiery red scales are hard. (AC +10)
You cannot fit into any form of body armour.
((Your flesh is heat resistant. (rF+)))
((You are cold-blooded and may be slowed by cold attacks.))
You are weak. (Str -2)


Message History

* * * LOW HITPOINT WARNING * * *
The sea snake bites you!
* * * LOW HITPOINT WARNING * * *
The merfolk throws a boomerang.
The boomerang hits you.
* * * LOW HITPOINT WARNING * * *
The weapon returns to the merfolk!
Unknown command.
You spin and attack the sea snake.
You hit the sea snake but do no damage. You claw the sea snake!
The sea snake is lightly wounded.
The sea snake bites you but does no damage.
The water nymph flows with the water.
The merfolk throws a boomerang.
The boomerang closely misses you.
The weapon returns to the merfolk!
The sea snake bites you but does no damage. x2
Blink to where?
Press: ? - help, Dir - move target
As you read the scroll of blinking, it crumbles to dust.
The water nymph points at you and mumbles some strange words.
The water rises up and strikes you!!!
You die...

.#####≈tS..≈≈≈≈≈≈≈≈≈≈≈≈≈≈
# ##≈.S≈≈≈≈≈≈≈)≈≈≈≈≈≈≈
#.S≈≈m≈≈≈)≈≈≈≈≈≈≈≈≈
#≈≈≈≈≈≈≈≈≈)≈≈≈≈≈≈≈≈
#.≈≈≈≈≈≈≈≈≈≈≈≈≈≈≈≈≈
#(≈≈≈≈≈≈≈≈≈≈≈≈≈≈≈≈≈
.≈≈≈≈≈≈≈≈≈≈≈≈≈≈≈≈≈≈
..≈≈≈≈≈≈≈≈≈≈≈≈≈≈≈≈≈≈≈≈≈
.≈≈≈≈≈≈≈≈≈≈≈D≈≈≈≈≈≈≈≈≈≈≈
≈≈≈≈≈≈≈.≈≈≈..≈≈≈≈≈≈≈≈
≈≈#######.^..≈≈≈≈≈≈≈≈ ≈
#8.^.8#....≈≈≈≈≈≈≈≈
#.#.^m#...^≈≈≈≈≈≈≈≈
#$.^mt#^...≈≈≈≈≈≈≈≈
#)#.#W#.^..<≈≈≈≈≈≈≈
#[.k.m+....≈≈≈≈≈≈≈≈
#[#.#E+.^.^...≈≈≈≈≈


You could see a sea snake and a water nymph.

Vanquished Creatures
  Gastronok (D:11)
  Kirke (Snake:3)
  A tengu reaver (D:12)
  Donald (Snake:1)
  Roxanne (Shoals:1)
  18 nagarajas
  Louise (Shoals:1)
  Nessos (Lair:6)
  A dire elephant (Gauntlet)
  A red draconian (Volcano)
  A minotaur (Gauntlet)
  9 merfolk impalers
  A fire dragon (D:15)
  2 yaktaur captains
  33 naga warriors
  15 hydras
  A boulder beetle (D:14)
  5 anacondas
  Harold (Lair:2)
  An ice dragon (D:15)
  3 centaur warriors
  3 merfolk avatars
  A satyr (Shoals:3)
  An alligator snapping turtle (Shoals:3)
  2 dancing weapons (D:14)
  9 two-headed ogres
  2 merfolk aquamancers (Shoals:4)
  2 tengu warriors (D:13)
  2 ogre magi (Orc:2)
  A satyr (shapeshifter) (Gauntlet)
  Urug (D:10)
  11 naga sharpshooters
  6 shock serpents
  A fire crab (Lair:4)
  10 sea snakes
  A salamander mystic (Snake:1)
  7 naga ritualists
  4 unseen horrors
  A death drake (shapeshifter) (Gauntlet)
  2 deep trolls (Orc:2)
  A swamp dragon (shapeshifter) (Gauntlet)
  7 mana vipers
  2 orc knights
  5 harpies (Shoals:3)
  10 fauns
  An oklob plant (Lair:2)
  A deep elf mage (D:14)
  An ugly thing (D:11)
  2 cyclopes (Orc:2)
  13 manticores
  3 orc sorcerers (Orc:1)
  6 salamanders
  7 merfolk sirens
  3 centaur zombies
  32 black mambas
  9 elephants
  2 water nymphs
  A smoke demon (D:15)
  10 cane toads
  13 naga magi
  2 kobold demonologists
  2 torpor snails
  6 guardian serpents
  10 komodo dragons
  A yaktaur (Volcano)
  A rime drake (Lair:6)
  27 merfolk
  An ice devil (D:15)
  3 wind drakes
  11 polar bears
  Grinder (D:3)
  A hornet (D:10)
  18 trolls
  3 slime creatures (Lair:5)
  10 blink frogs
  4 raiju (Lair:6)
  7 dream sheep
  6 snapping turtles
  A centaur simulacrum (D:15)
  A spriggan (Lair:2)
  A shadow (D:14)
  5 wyverns
  49 yaks
  2 wraiths
  A hog (shapeshifter) (D:15)
  5 water elementals
  2 steam dragons
  3 basilisks
  5 vampire mosquitoes
  3 insubstantial wisps (Lair:1)
  62 nagas
  3 swamp worms (Gauntlet)
  4 wargs
  2 acid dragons
  Duvessa (D:7)
  13 hell hounds (Lair:6)
  34 water moccasins
  A swamp drake (Lair:1)
  A hornet zombie (D:14)
  14 orc warriors
  7 ice beasts
  2 phantoms (D:6)
  4 sky beasts
  A necrophage (D:5)
  14 black bears
  38 wolves
  26 centaurs
  28 ogres
  3 big kobolds
  12 bullfrogs
  Dowan (D:7)
  3 scorpions
  16 killer bees
  19 wights
  An electric eel (Lair:3)
  2 howler monkeys
  A bullfrog zombie (D:9)
  4 crimson imps (D:15)
  10 hounds
  3 centaur skeletons
  17 orc priests
  5 jellies
  A gnoll shaman (D:5)
  Crazy Yiuf (D:3)
  3 iguanas
  Terence (D:3)
  18 orc wizards
  8 worker ants
  7 hell rats (Lair:5)
  A hound zombie (D:10)
  A hound skeleton (D:4)
  A worker ant zombie (D:5)
  18 adders
  8 gnolls
  2 howler monkey skeletons
  7 white imps
  3 ufetubi
  An ooze (D:4)
  An adder zombie (D:7)
  3 adder skeletons
  A worm (D:2)
  A dart slug (D:1)
  2 leopard geckos
  71 orcs
  4 giant cockroaches
  8 goblins
  4 hobgoblins
  4 jackals (D:7)
  17 kobolds
  4 quokkas
  5 ball pythons
  6 bats
  7 frilled lizards
  A giant cockroach zombie (D:5)
  10 rats
1069 creatures vanquished.

Vanquished Creatures (collateral kills)
  A black mamba (Snake:1)
1 creature vanquished.

Vanquished Creatures (others)
  A merfolk aquamancer (Shoals:4)
  A manticore (D:11)
  3 guardian serpents
  A kobold demonologist (D:11)
  2 humans (Snake:3)
  2 nagas (Snake:4)
  3 big kobolds (D:11)
  A bullfrog (D:11)
  A killer bee (D:11)
  An iguana (D:11)
  6 kobolds (D:11)
  A bush (Lair:2)
  24 fungi
  116 plants
163 creatures vanquished.

Grand Total: 1233 creatures vanquished

Notes
Turn   | Place    | Note
-------+----------+-------------------------------------------
     0 | D:1      | sahdkjhfkaj the Draconian Monk began the quest for the Orb.
     0 | D:1      | Reached XP level 1. HP: 19/19 MP: 1/1
    72 | D:1      | Reached XP level 2. HP: 26/26 MP: 2/2
  1198 | D:2      | Reached XP level 3. HP: 33/33 MP: 3/3
  1431 | D:2      | Found a glowing golden altar of the Shining One.
  1431 | D:2      | Found a hazy altar of Hepliaklqana.
  2038 | D:3      | Found a burning altar of Makhleb.
  2048 | D:3      | Reached XP level 4. HP: 37/40 MP: 4/4
  2081 | D:3      | Noticed Terence
  2098 | D:3      | Killed Terence
  2487 | D:3      | Found a runed translucent door.
  2488 | D:3      | Noticed Crazy Yiuf
  2588 | D:3      | Noticed Grinder
  2739 | D:3      | Reached skill level 5 in Unarmed Combat
  2739 | D:3      | Reached XP level 5. HP: 11/47 MP: 5/5
  3168 | D:4      | Found a shadowy altar of Dithmenos.
  3458 | D:4      | Reached skill level 5 in Fighting
  3458 | D:4      | Reached XP level 6. HP: 35/56 MP: 6/6
  3649 | D:4      | Found Xacolun's Book Boutique.
  4696 | D:5      | Entered Level 5 of the Dungeon
  4724 | D:5      | Your scales start taking on a fiery red colour.
  4724 | D:5      | Reached XP level 7. HP: 51/62 MP: 7/7
  4724 | D:5      | Gained mutation: Your flesh is heat resistant. (rF+) [Red
                  | Draconian growth]
  5909 | D:6      | Reached XP level 8. HP: 69/71 MP: 8/8
  7659 | D:7      | Reached skill level 10 in Unarmed Combat
  7783 | D:7      | Noticed Duvessa
  7783 | D:7      | Noticed Dowan
  7796 | D:7      | Killed Duvessa
  7797 | D:7      | Reached XP level 9. HP: 73/81 MP: 9/9
  7799 | D:7      | Killed Dowan
  7949 | D:7      | Found a staircase to the Ecumenical Temple.
  7969 | Temple   | Entered the Ecumenical Temple
  8071 | Temple   | Became a worshipper of the Wu Jian Council
  8071 | Temple   | Reached * piety under Wu Jian
  8071 | Temple   | Reached ** piety under Wu Jian
  8543 | D:8      | Found a basalt altar of Yredelemnul.
  8780 | D:8      | Found a stormy altar of Qazlal.
  8814 | D:8      | Found an opulent altar of Gozag.
  8818 | D:8      | Found a radiant altar of Vehumet.
  9051 | D:8      | Reached skill level 1 in Shields
  9225 | D:9      | Reached skill level 2 in Shields
  9267 | D:9      | Reached *** piety under Wu Jian
  9278 | D:9      | Reached skill level 3 in Shields
  9329 | D:9      | Noticed a troll
  9334 | D:9      | Killed a troll
  9335 | D:9      | Reached skill level 4 in Shields
  9453 | D:9      | Found Nisijieh's Antique Armour Boutique.
  9637 | D:9      | Reached XP level 10. HP: 55/91 MP: 10/10
  9805 | D:9      | Noticed a two-headed ogre
  9821 | D:9      | Killed a two-headed ogre
 10208 | D:9      | Found a staircase to the Orcish Mines.
 10331 | D:10     | Entered Level 10 of the Dungeon
 10446 | D:10     | Paralysed by a hornet for 1 turns
 10449 | D:10     | Reached skill level 10 in Fighting
 10658 | D:10     | Killed an unseen horror
 10775 | D:10     | Noticed Urug
 10808 | D:10     | Killed Urug
 10808 | D:10     | Reached **** piety under Wu Jian
 10896 | D:10     | You fall into a shaft and drop 1 floor!
 10897 | D:11     | Noticed a four-headed hydra
 10902 | D:11     | Killed a four-headed hydra
 10903 | D:11     | Noticed a yaktaur captain
 10917 | D:11     | Killed a yaktaur captain
 10918 | D:11     | Reached XP level 11. HP: 27/102 MP: 11/11
 10927 | D:11     | Noticed Gastronok
 11588 | D:11     | HP: 1/101 [something (7)]
 11611 | D:11     | Killed an unseen horror
 11999 | D:11     | Found a staircase to the Lair.
 12608 | D:11     | Killed an unseen horror
 12724 | D:11     | Noticed a cyan ugly thing
 12757 | D:11     | Killed a cyan ugly thing
 12858 | D:11     | Killed Gastronok
 12858 | D:11     | Reached ***** piety under Wu Jian
 13564 | Lair:1   | Entered Level 1 of the Lair of Beasts
 13944 | D:4      | Bought a book of Transfigurations for 550 gold pieces
 13951 | D:4      | Learned a level 6 spell: Statue Form
 14237 | Lair:1   | Reached skill level 1 in Earth Magic
 14248 | Lair:1   | Reached skill level 1 in Spellcasting
 14248 | Lair:1   | Reached skill level 1 in Transmutations
 14462 | Lair:1   | Reached XP level 12. HP: 88/112 MP: 14/14
 14997 | Lair:1   | Noticed an eight-headed hydra
 15003 | Lair:1   | Killed an eight-headed hydra
 15788 | Lair:2   | Noticed Harold
 15842 | Lair:2   | Killed Harold
 16970 | Lair:3   | Noticed a six-headed hydra
 16989 | Lair:3   | Killed a six-headed hydra
 16990 | Lair:3   | Reached skill level 5 in Transmutations
 16990 | Lair:3   | Reached skill level 5 in Earth Magic
 17368 | Lair:2   | Reached skill level 5 in Spellcasting
 17834 | Lair:3   | Found a staircase to the Shoals.
 17839 | Lair:3   | Noticed an eight-headed hydra
 17868 | Lair:2   | Killed an eight-headed hydra
 19229 | Lair:3   | Found a basalt altar of Yredelemnul.
 19284 | Lair:3   | Reached XP level 13. HP: 94/118 MP: 21/21
 20274 | Lair:4   | Found a staircase to the Snake Pit.
 21487 | Lair:5   | Found a dark tunnel.
 21491 | Volcano  | Entered a volcano
 21713 | Volcano  | Found a radiant altar of Vehumet.
 21714 | Volcano  | Noticed a red draconian
 21860 | Volcano  | Killed a red draconian
 22746 | Lair:5   | Found a staircase to the Slime Pits.
 23892 | Lair:6   | Entered Level 6 of the Lair of Beasts
 25753 | Lair:6   | Noticed Nessos
 25768 | Lair:6   | Killed Nessos
 26042 | Lair:6   | Reached XP level 14. HP: 126/126 MP: 21/26
 26732 | Lair:6   | Reached ****** piety under Wu Jian
 27126 | Lair:6   | Reached skill level 10 in Transmutations
 27126 | Lair:6   | Reached skill level 10 in Earth Magic
 28301 | D:12     | Identified a scroll of acquirement
 28302 | D:12     | Acquired a +0 hat of see invisible
 28339 | D:12     | Found a glowing golden altar of the Shining One.
 28339 | D:12     | Noticed a tengu reaver
 28352 | D:12     | Killed a tengu reaver
 28373 | D:12     | Found a shimmering altar of Xom.
 28413 | D:12     | Found a gate leading to a gauntlet.
 28423 | Gauntlet | Entered a Gauntlet
 28423 | Gauntlet | Found a transporter.
 28653 | Gauntlet | Found a transporter.
 28655 | Gauntlet | Found a transporter.
 28659 | Gauntlet | Identified the ring of Mukluri {rElec Int-5 Dex+4 SInv
                  | Stlth-}
 28666 | Gauntlet | Found a transporter.
 28670 | Gauntlet | Found a runed translucent door.
 28671 | Gauntlet | Found a runed translucent door.
 28674 | Gauntlet | Found a transporter.
 28687 | Gauntlet | Found a runed translucent door.
 28691 | Gauntlet | Found a transporter.
 28700 | Gauntlet | Found a transporter.
 28703 | Gauntlet | Found a runed translucent gate.
 28703 | Gauntlet | Found a runed translucent gate.
 28703 | Gauntlet | Found a runed translucent gate.
 28710 | Gauntlet | Found a transporter.
 28724 | Gauntlet | Found a transporter.
 28737 | Gauntlet | Found a runed translucent door.
 28738 | Gauntlet | Found a transporter.
 28738 | Gauntlet | Found a transporter.
 28739 | Gauntlet | Found a runed translucent door.
 28792 | Gauntlet | Found a transporter.
 28792 | Gauntlet | Found a transporter.
 28794 | Gauntlet | Found a transporter.
 29092 | Gauntlet | Reached skill level 10 in Spellcasting
 29185 | Gauntlet | Got a scorched cloak
 29191 | Gauntlet | Identified the +0 cloak "Deuzu" {rC+ Will+ SInv} (You found
                  | it in a Gauntlet)
 29505 | D:12     | Got a scorched granite ring
 29701 | D:12     | Identified the ring "Ucwiuf" {rC+ Int+2} (You found it on
                  | level 12 of the Dungeon)
 29804 | D:12     | Learned a level 7 spell: Dragon Form
 30662 | D:13     | Reached XP level 15. HP: 131/132 MP: 29/29
 31353 | D:14     | Found Tauh Beu's Armour Shop.
 31355 | D:14     | Found a transporter.
 31377 | D:14     | Noticed mojowtm's ghost (journeyman SpHu)
 31425 | D:14     | Found a gate to the Vaults.
 31452 | D:14     | Found a transporter.
 32211 | D:15     | Entered Level 15 of the Dungeon
 32360 | D:15     | Found a blossoming altar of Fedhas.
 33199 | D:15     | Found a staircase to the Depths.
 33715 | Orc:1    | Entered Level 1 of the Orcish Mines
 34104 | Orc:2    | Entered Level 2 of the Orcish Mines
 35284 | Orc:2    | Found Azxifradd's Jewellery Emporium.
 35287 | Orc:2    | Found a staircase to the Elven Halls.
 35316 | Orc:2    | Found Jeylaoma's Distillery.
 35317 | Orc:2    | Found Ypterro's Gadget Boutique.
 35321 | Orc:2    | Found Zostoysi's Magic Scroll Shoppe.
 35358 | Orc:2    | Bought a scroll of acquirement for 676 gold pieces
 35358 | Orc:2    | Acquired 676 gold pieces
 36119 | Snake:1  | Entered Level 1 of the Snake Pit
 36417 | Snake:1  | Learned a level 5 spell: Irradiate
 36546 | Snake:1  | Noticed Donald
 36564 | Snake:1  | Killed Donald
 36565 | Snake:1  | Reached skill level 1 in Conjurations
 37001 | Snake:1  | Reached skill level 5 in Shields
 37009 | Snake:1  | Reached XP level 16. HP: 96/139 MP: 23/30
 37676 | Snake:1  | Reached skill level 6 in Shields
 38115 | Snake:2  | Reached skill level 7 in Shields
 38289 | Snake:2  | Reached skill level 8 in Shields
 38402 | Snake:2  | Reached skill level 9 in Shields
 38721 | Snake:2  | Reached skill level 10 in Shields
 39063 | Snake:3  | Noticed Kirke
 39072 | Snake:3  | Killed Kirke
 39074 | Snake:3  | Reached skill level 11 in Shields
 39175 | Snake:3  | Identified the +0 robe of Wasted Space {rCorr SInv}
 39854 | Snake:4  | Entered Level 4 of the Snake Pit
 39863 | Snake:4  | Reached skill level 12 in Shields
 40429 | Snake:4  | Reached XP level 17. HP: 145/146 MP: 31/31
 40445 | Snake:4  | Reached skill level 13 in Shields
 41323 | Snake:4  | Reached skill level 14 in Shields
 41654 | Snake:4  | Reached skill level 15 in Shields
 41790 | Snake:4  | Got a serpentine rune of Zot
 41881 | Snake:4  | Reached skill level 1 in Evocations
 41892 | Snake:4  | Reached skill level 5 in Dodging
 42592 | Snake:4  | Identified the +4 great sword "Foileon" {freeze, rElec rN+
                  | Will+ Int+3}
 42936 | Vaults:1 | Entered Level 1 of the Vaults
 43215 | D:3      | Killed Grinder
 43292 | D:3      | Gained mutation: You are weak. (Str -2) [mutagenic glow]
 43416 | D:3      | Killed Crazy Yiuf
 43656 | Shoals:1 | Entered Level 1 of the Shoals
 43877 | Shoals:1 | Noticed Louise
 43888 | Shoals:1 | Killed Louise
 44533 | Shoals:1 | Found Lujoas's Armour Shoppe.
 44535 | Shoals:1 | Reached skill level 5 in Evocations
 44730 | Shoals:1 | Noticed Roxanne
 44753 | Shoals:1 | Killed Roxanne
 44754 | Shoals:1 | Reached XP level 18. HP: 154/154 MP: 30/32
 46672 | Shoals:3 | Reached skill level 5 in Conjurations
 47469 | Shoals:4 | Entered Level 4 of the Shoals
 47469 | Shoals:4 | Found a runed translucent gate.
 47469 | Shoals:4 | Found a runed translucent gate.
 47469 | Shoals:4 | Found a runed translucent gate.
 47471 | Shoals:4 | Noticed AtlasWard's ghost (adept KoDe)
 48117 | Shoals:4 | Killed from afar by a water nymph

Illustrated notes

Levels and vault maps discovered:
D:1:      nicolae_arrival_memento_mori, layout_basic, serial_corexii_hall,
          corexii_hall_statues_x, corexii_hall_statues_deadend
D:2:      layout_rooms, gammafunk_temple_overflow_pools, minmay_misc_feat_plants
D:3:      layout_loops_cross, overflow_temple_1_default,
          uniq_crazy_yiuf_cottage, uniq_terence, uniq_grinder
D:4:      layout_basic, general_overflow_altar, serial_shops,
          nicolae_shop_statue_plus
D:5:      layout_rooms
D:6:      layout_basic, wad_woods_river_04
D:7:      layout_rooms, minmay_temple_entry_drinking_statues, uniq_duvessa
D:8:      cheibrodos_quashed, layout_rooms, grunt_temple_overflow_open,
          kennysheep_mini_moat, basic_altar
D:9:      layout_long_grid, orc_0_dummy, serial_shops, kennysheep_little_box
D:10:     layout_rooms, uniq_urug
D:11:     kennysheep_big_flooded_room, layout_irregular_city, lair_entry_dummy,
          lemuel_flamethrower_2, uniq_gastronok
D:12:     layout_roguey, gauntlet_entry_generic, jmf_multi_god_temple
D:13:     layout_loops_corners, kennysheep_generic_room_5
D:14:     layout_gridville, erik_vaults_1, amethyst_killhole,
          gammafunk_ghost_smash, serial_shops, shop
D:15:     grunt_enter_depths_hoard, layout_basic, fedhas_altar_2,
          minmay_fire_ice_demons
Temple:   regret_index_temple_waves
Lair:1:   layout_long_grid, pond
Lair:2:   layout_chaotic_city, grunt_forest_stairs_clearing,
          minmay_lair_oklob_chamber, infiniplex_staircase_pool, uniq_harold
Lair:3:   layout_cave_shapes, elwin_shoals_entry_rocks, basic_altar,
          cheibrodos_lair_caveside_slide, beast_lair_carwin_1
Lair:4:   layout_gridlike, minmay_snake_entry_six_corridors, lemuel_fruit_fields
Lair:5:   layout_loops_ring, minmay_slime_entry_pillars,
          nicolae_volcano_entry_lava_flow, grunt_megastairs_5
Lair:6:   hangedman_lair_caniforms_friends, layout_layer_cave,
          chequers_serial_rivers_micro_c, uniq_nessos
Shoals:1: layout_shoals, serial_shops, shop, uniq_louise, uniq_roxanne
Shoals:2: layout_shoals
Shoals:3: layout_shoals
Shoals:4: shoals_end_simple, layout_shoals, gammafunk_ghost_tricky_traps
Snake:1:  layout_misc_corridors, uniq_donald
Snake:2:  layout_rooms, hangedman_snake_corridor_split
Snake:3:  layout_onion_interference, grunt_megastairs_1, uniq_kirke
Snake:4:  grunt_snake_rune_spirals, layout_onion_interference,
          nicolae_snake_biting_tails
Orc:1:    layout_caves
Orc:2:    st_orc_open, layout_caves
Vaults:1: gammafunk_vaults_ghost_cemetery, st_greater_box_1, v_misc_5,
          nicolae_vaults_three_branches, v_misc_23, ontoclasm_vaults_eye,
          v_misc_12, nicolae_vaults_diagonal_hallway_6, vaults_room_pools,
          vaults_room_pool, layout_vaults_chaotic_city, uniq_asterion

Skill      XL: |  1  2  3  4  5  6  7  8  9 10 11 12 13 14 15 16 17 18 |
---------------+-------------------------------------------------------+-----
Unarmed Combat | 4 5 6 8 10 11 13 14 | 14.9
Fighting       | 4 5 6 8 9 11 12 | 12.1
Shields        | 4 5 12 15 | 15.0
Earth Magic    | 1 6 9 11 12 | 12.0
Spellcasting   | 1 5 8 10 | 10.0
Transmutations | 1 6 9 11 14 | 14.9
Dodging        | 4 6 7 |  7.2
Conjurations   | 1 4 5 |  5.0
Evocations     | 5 8 |  8.0
Stealth        | |  1.7

Action                   |  1- 3 |  4- 6 |  7- 9 | 10-12 | 13-15 | 16-18 || total
-------------------------+-------+-------+-------+-------+-------+-------++-------
Melee: Unarmed           |   140 |   200 |   347 |   636 |  1249 |  1009 ||  3581
       Tailslap          |    13 |    38 |    46 |    86 |   157 |   156 ||   496
       Punch             |     4 |     2 |    12 |       |       |    14 ||    32
       Bite              |       |       |       |       |       |    24 ||    24
 Cast: Statue Form       |       |       |       |       |    74 |    56 ||   130
       Dragon Form       |       |       |       |       |     3 |    31 ||    34
       Irradiate         |       |       |       |       |       |     1 ||     1
Invok: Lunge             |       |       |     8 |    20 |    57 |    88 ||   173
       Whirlwind         |       |       |     6 |    43 |    85 |    83 ||   217
 Abil: Breathe Fire      |       |       |    51 |    54 |    30 |     2 ||   137
       End Transformatio |       |       |       |       |     1 |       ||     1
Evoke: Wand              |       |     1 |       |     1 |     5 |       ||     7
       Condenser vane    |       |       |       |       |     1 |     1 ||     2
       Lightning rod     |       |       |       |       |     1 |       ||     1
       Phantom mirror    |       |       |       |       |     1 |       ||     1
  Use: Scroll            |     4 |     6 |     7 |     7 |    18 |    11 ||    53
       Potion            |     1 |     1 |       |     7 |     8 |       ||    17
 Stab: Sleeping          |     9 |     4 |     1 |     2 |     6 |     1 ||    23
       Distracted        |     1 |     1 |       |       |       |     2 ||     4
       Paralysed         |       |       |       |       |     6 |       ||     6
       Confused          |       |       |       |       |     4 |       ||     4
Armor: Skin              |    29 |    53 |    82 |   184 |   585 |   440 ||  1373
Dodge: Dodged            |    98 |    91 |   162 |   266 |   776 |   410 ||  1803
Block: Other             |       |     4 |    52 |       |     1 |    39 ||    96
       Reflection        |       |       |     1 |     2 |    28 |   121 ||   152
       Buckler           |       |       |    26 |   308 |   784 |       ||  1118
       Kite shield       |       |       |       |       |    19 |   895 ||   914

Table legend: (Time is in decaauts)
 A = Elapsed time spent in this place.
 B = Non-inter-level travel time spent in this place.
 C = Inter-level travel time spent in this place.
 D = Time resting spent in this place.
 E = Time spent auto-exploring this place.
 F = Levels seen in this place.
 G = Mean time per level.
                   A        B        C        D        E       F      G
               +--------+--------+--------+--------+--------+-----+--------+
         Total |  50239 |  47022 |   3217 |  12149 |  26803 |  35 | 1435.4 |
       Dungeon |  20057 |  18121 |   1936 |   3955 |  11218 |  15 | 1337.1 |
        Temple |    134 |     89 |     45 |      0 |     66 |   1 |  134.0 |
          Lair |  13537 |  12832 |    705 |   4166 |   6748 |   6 | 2256.2 |
        Shoals |   4591 |   4461 |    130 |    828 |   2935 |   4 | 1147.8 |
     Snake Pit |   7716 |   7456 |    260 |   1265 |   4494 |   4 | 1929.0 |
  Orcish Mines |   2549 |   2410 |    139 |    945 |   1025 |   2 | 1274.5 |
        Vaults |      1 |      1 |      0 |      0 |      0 |   1 |    1.0 |
       Volcano |    810 |    810 |      0 |    675 |     14 |   1 |  810.0 |
      Gauntlet |    839 |    839 |      0 |    314 |    301 |   1 |  839.0 |
               +--------+--------+--------+--------+--------+-----+--------+

Top non-repeatable levels by time:
  Lair:5: 3677 daAuts
 Snake:4: 3054 daAuts
    D:11: 2466 daAuts
  Lair:2: 2367 daAuts
  Lair:6: 2225 daAuts
 Snake:1: 2196 daAuts
  Lair:3: 1969 daAuts
   Orc:1: 1849 daAuts
  Lair:1: 1784 daAuts
     D:4: 1677 daAuts
     D:5: 1657 daAuts
Shoals:1: 1535 daAuts
  Lair:4: 1512 daAuts
    D:15: 1504 daAuts
     D:3: 1478 daAuts
